 Dungeon Crawl Stone Soup version 0.29-a0-1009-g60c99734e7 (webtiles) character file.

Game seed: 11512094688195210425

2402 ragingrage the Cleaver (level 9, 0/43 HPs)
             Began as a Vine Stalker Chaos Knight on Aug 8, 2022.
             Was a Plaything of Xom.
             Slain by an orc warrior
             ... wielding a +0 battleaxe
              (19 damage)
             ... on level 7 of the Dungeon.
             The game lasted 00:07:30 (5328 turns).

ragingrage the Cleaver (Vine Stalker Chaos Knight)  Turns: 5328, Time: 00:07:31

Health: 0/43       AC: 11    Str: 19    XL:     9   Next: 47%
Magic:  0/10       EV:  7    Int: 12    God:    Xom [......]
Gold:   407        SH:  0    Dex: 16    Spells: 8/8 levels left

rFire   . . .      SeeInvis .   v - +9 broad axe (vamp)
rCold   . . .      Faith    .   (no shield)
rNeg    + . .      Spirit   +   t - +3 chain mail {rN+}
rPois   .          Reflect  .   (helmet restricted)
rElec   .          Harm     .   (no cloak)
rCorr   .          Rampage  .   (no gloves)
Will    +....                   (no boots)
Stlth   ..........              (no amulet)
HPRegen 0.94/turn               (no ring)
MPRegen 0.12/turn               (no ring)

@: no status effects
A: fangs 3, regeneration 1, magic shield, antimagic bite, no potion heal 2,
horns 1, thin skeletal structure 1, sense surroundings 1
a: Renounce Religion


You were on level 7 of the Dungeon.
You worshipped Xom.
You were a very special plaything of Xom.
You visited 1 branch of the dungeon, and saw 7 of its levels.
You also visited: Ossuary.

You collected 407 gold pieces.

Inventory:

Hand Weapons
 g - a +3 war axe
 v - a +9 vampiric broad axe (weapon)
 G - a +3 battleaxe
Missiles
 r - 5 javelins
Armour
 t - a +3 chain mail of positive energy (worn)
 x - a +2 scale mail of fire resistance
 y - the +0 chain mail of Fuulal {rN+ Str+3 SInv}
   (You found it on level 4 of the Dungeon)

   Str:       It affects your strength (+3).
   rN:        It protects you from negative energy.
   SInv:      It lets you see invisible.
Jewellery
 p - a ring of resist corrosion
 q - a ring of wizardry
Wands
 s - a wand of polymorph (17)
 u - a wand of digging (15)
 B - a wand of roots (20)
Scrolls
 e - a scroll of fear
 i - a scroll of teleportation
 l - 4 scrolls of fog
 n - a scroll of identify
 A - a scroll of immolation
Potions
 a - a potion of berserk rage {unknown}
 b - a potion of experience {unknown}
 d - a potion of heal wounds {unknown}
 f - 5 potions of lignification {unknown}
 h - 2 potions of haste {unknown}
 j - 2 potions of magic {unknown}
 k - 2 potions of mutation {unknown}
 m - a potion of curing {unknown}
 o - 5 potions of flight {unknown}
 w - 2 potions of brilliance {unknown}
 F - a potion of invisibility {unknown}
Miscellaneous
 c - a piece from Xom's chessboard (15/15) (quivered)


   Skills:
 - Level 2.6 Fighting
 * Level 11.7 Axes
 - Level 1.5 Armour
 - Level 0.7 Dodging


You had 8 spell levels left.
You didn't know any spells.
Your spell library contained the following spells:

 Spells                   Type           Power      Damage    Failure   Level
 Magic Dart               Conj           0%         1d3       99%         1
 Call Imp                 Summ           0%         N/A       100%        2
 Ensorcelled Hibernation  Hex/Ice        0%         N/A       100%        2
 Mephitic Cloud           Conj/Pois/Air  0%         N/A       100%        3
 Spider Form              Tmut/Pois      0%         N/A       100%        3
 Anguish                  Hex/Necr       0%         N/A       100%        4


Dungeon Overview and Level Annotations

Branches:
Dungeon (7/15)             Temple (0/1) D:5         Ossuary (visited)

Altars:
Gozag
Sif Muna
Uskayaw
Vehumet


Innate Abilities, Weirdness & Mutations

You have razor-sharp teeth.
Your natural rate of healing is unusually fast.
When hurt, damage is shared between your health and your magic reserves.
Your bite disrupts and absorbs the magic of your enemies.
Potions cannot restore your health.
You have a pair of small horns on your head.
You have a somewhat thin skeletal structure. (Dex +2, Stealth+)
You passively map a small area around you.


Message History

A hound is nearby!
A hound is nearby!
You slash the hound! Your bite misses the hound.
The hound is severely wounded.
The hound bites you but does no damage.
An orc warrior comes into view. It is wielding a +0 battleaxe.
The hound bites you.
You miss the hound. You headbutt the hound. Your bite misses the hound.
The hound is almost dead.
The hound bites you but does no damage.
You slash the hound!
You kill the hound!
An orc comes into view. It is wielding a +0 flail.
An orc comes into view. It is wielding a +0 dagger.
You see here a hound corpse.
You slice the orc warrior!!
You headbutt the orc warrior, but do no damage.
You bite the orc warrior, but do no damage.
The orc warrior is almost dead.
The orc warrior hits you with a +0 battleaxe!
You barely miss the orc warrior. Your bite misses the orc warrior.
The orc warrior is almost dead.
The orc warrior hits you with a +0 battleaxe!
You are too injured to fight recklessly!
You are too injured to fight recklessly!
You are too injured to fight recklessly!
Okay, then.
You barely miss the orc warrior.
You bite the orc warrior, but do no damage.
The orc warrior is almost dead.
The orc warrior hits you with a +0 battleaxe!
You closely miss the orc warrior. Your headbutt misses the orc warrior.
Your bite misses the orc warrior.
The orc warrior is almost dead.
The orc warrior hits you with a +0 battleaxe.
You barely miss the orc warrior. Your headbutt misses the orc warrior.
The orc warrior is almost dead.
The orc warrior hits you with a +0 battleaxe!!
You die... "I guess I need a new plaything now."

....###.## #..##### #.# #.#
.........# #......# ##.###.#
....###..########.)....###...##.#
....# #................##.#.#.#.#
#.#.# #.########....)).#.##.##..#
....# #....## #.....)..##...##.#
#.#####.....####.##.##).........#
#............<..†##.###.##...##.#
#######.....####@##.# ##.##.##.##
##...## #o##.# *#.#.#,# #.....
oo...# *#.< * #####......# #.
#....... , .. #......# #......#
######.. ** * * , , ,


You could see an orc warrior and 2 orcs.

Vanquished Creatures
  Sigmund (D:2)
  2 wraiths (Ossuary)
  An ice beast (D:7)
  A sky beast (D:6)
  2 black bears (D:5)
  An ogre (D:5)
  A bullfrog (D:7)
  4 necrophages
  4 scorpions
  2 wights (Ossuary)
  6 hounds
  An iguana (D:5)
  4 orc priests
  Jessica (D:2)
  Natasha (thrice) (D:3)
  6 orc wizards
  Terence (D:2)
  3 gnolls (D:2)
  11 adders
  2 shadow imps (D:6)
  An adder zombie (Ossuary)
  2 worms
  4 dart slugs
  22 orcs
  4 bats
  5 endoplasms
  3 giant cockroaches
  8 goblins
  10 hobgoblins
  7 kobolds
  6 quokkas
  5 ball pythons
  2 ball python skeletons (Ossuary)
  2 frilled lizards
  A hobgoblin skeleton (Ossuary)
  A hobgoblin zombie (Ossuary)
  2 kobold zombies (Ossuary)
  3 orc skeletons (Ossuary)
  9 rats
154 creatures vanquished.

Vanquished Creatures (others)
  9 plants (D:2)
9 creatures vanquished.

Grand Total: 163 creatures vanquished

Notes
Turn   | Place    | Note
-------+----------+-------------------------------------------
     0 | D:1      | ragingrage the Vine Stalker Chaos Knight began the quest
                  | for the Orb.
     0 | D:1      | Reached XP level 1. HP: 11/11 MP: 2/2
    55 | D:1      | Reached skill level 3 in Axes
   134 | D:1      | Reached XP level 2. HP: 16/16 MP: 3/3
   139 | D:1      | XOM: divination: detect items
   270 | D:1      | XOM: 3-stop teleportation journey
   654 | D:1      | Reached XP level 3. HP: 19/19 MP: 4/4
   718 | D:2      | Found a faded altar of an unknown god.
   800 | D:2      | Noticed Sigmund
   800 | D:2      | XOM: summons 3 friendly demons
   807 | D:2      | Killed Sigmund
   808 | D:2      | Reached skill level 5 in Axes
   808 | D:2      | Gained mutation: Your natural rate of healing is unusually
                  | fast. [Vine Stalker growth]
   808 | D:2      | Reached XP level 4. HP: 23/23 MP: 5/5
   808 | D:2      | Reached XP level 5. HP: 27/27 MP: 6/6
   888 | D:2      | XOM: cloud trail
  1183 | D:2      | Reached XP level 6. HP: 32/32 MP: 7/7
  1204 | D:2      | Reached skill level 6 in Axes
  1204 | D:2      | XOM: enchant monster (good)
  1229 | D:2      | Noticed Jessica
  1241 | D:2      | Killed Jessica
  1575 | D:2      | Noticed Terence
  1687 | D:2      | XOM: 3-stop teleportation journey
  1764 | D:2      | XOM: scenery: 1 doors close
  1778 | D:2      | Killed Terence
  2116 | D:3      | Found an opulent altar of Gozag.
  2222 | D:3      | XOM: god gift: book of Minor Magic
  2280 | D:3      | Noticed Natasha
  2289 | D:3      | Killed Natasha
  2494 | D:3      | Noticed Natasha
  2501 | D:3      | Killed Natasha
  2527 | D:3      | XOM: god gift: +7 broad axe of chaos
  2668 | D:3      | Noticed Natasha
  2672 | D:3      | Killed Natasha
  2749 | D:4      | Reached skill level 7 in Axes
  2749 | D:4      | Reached XP level 7. HP: 35/35 MP: 8/8
  2752 | D:4      | Found a sand-covered staircase.
  2770 | D:4      | Identified the +0 chain mail of Fuulal {rN+ Str+3 SInv}
  2784 | Ossuary  | Entered an ossuary
  2871 | Ossuary  | Noticed a wraith
  2871 | Ossuary  | Noticed a flying skull
  2889 | Ossuary  | Noticed a flying skull
  2905 | Ossuary  | Noticed a flying skull
  2914 | Ossuary  | Noticed a wraith
  2918 | Ossuary  | Killed a wraith
  2925 | Ossuary  | XOM: give mutations
  2925 | Ossuary  | Gained mutation: You have a somewhat thin skeletal
                  | structure. (Dex +2, Stealth+) [Xom's grace]
  2925 | Ossuary  | Gained mutation: You passively map a small area around you.
                  | [Xom's grace]
  2925 | Ossuary  | Gained mutation: You have razor-sharp teeth. [Xom's grace]
  2925 | Ossuary  | Gained mutation: You have a pair of small horns on your
                  | head. [Xom's grace]
  2960 | Ossuary  | Reached skill level 8 in Axes
  2981 | Ossuary  | Noticed a flying skull
  2994 | Ossuary  | Noticed a wraith
  2997 | Ossuary  | Killed a wraith
  3014 | Ossuary  | Mutation became permanent: You have extremely sharp teeth.
                  | [Vine Stalker growth]
  3014 | Ossuary  | Gained mutation: You have razor-sharp teeth. [Vine Stalker
                  | growth]
  3014 | Ossuary  | Reached XP level 8. HP: 39/39 MP: 9/9
  3196 | D:4      | Found a radiant altar of Vehumet.
  3435 | D:4      | Reached skill level 9 in Axes
  3668 | D:5      | Entered Level 5 of the Dungeon
  3728 | D:5      | Found a hide-covered altar of Uskayaw.
  3779 | D:5      | XOM: divination: detect creatures
  3825 | D:5      | XOM: scenery: summon butterflies
  3877 | D:5      | Found a staircase to the Ecumenical Temple.
  3918 | D:5      | Reached skill level 10 in Axes
  4089 | D:5      | Reached XP level 9. HP: 43/43 MP: 8/10
  4232 | D:6      | Reached skill level 11 in Axes
  4298 | D:6      | Found a shimmering blue altar of Sif Muna.
  4655 | D:6      | XOM: 3-stop teleportation journey
  4724 | D:6      | XOM: 2-stop teleportation journey
  4730 | D:6      | XOM: silly message
  5093 | D:7      | XOM: silly message
  5194 | D:7      | XOM: god gift: wand of roots (5)
  5234 | D:7      | XOM: torment (27/41 hp)
  5328 | D:7      | Slain by an orc warrior

Illustrated notes

Levels and vault maps discovered:
D:1:      dpeg_arrival_leaves_temple_mockup, layout_basic, feat_on_display
D:2:      layout_loops_corners, hellmonk_ecumenical_altar_lost_god,
          serial_bayou_pond_a, chequers_jeans, minmay_tetromino_i4,
          uniq_terence, uniq_jessica, uniq_sigmund
D:3:      layout_basic, nicolae_gozag_cash_rules_everything_around_me,
          guppyfry_early_orc_mine, uniq_natasha
D:4:      layout_loops_ring, mainiacjoe_overflow_paths,
          nicolae_ossuary_entry_ruins
D:5:      layout_basic, mainiacjoe_overflow_small_starburst, temple_statues
D:6:      layout_loops_corners, nicolae_sif_muna_condensation,
          kennysheep_generic_room_11
D:7:      layout_loops_ring, grunt_dithmenos_smoke

Skill      XL: |  1  2  3  4  5  6  7  8  9 |
---------------+----------------------------+-----
Axes           | 3 5 7 8 10 11 | 11.7
Fighting       | |  2.6
Armour         | |  1.5
Dodging        | |  0.7

Action                   |  1- 3 |  4- 6 |  7- 9 || total
-------------------------+-------+-------+-------++-------
Melee: Hand axe          |    46 |   135 |       ||   181
       Bite              |     8 |    32 |    33 ||    73
       Broad axe         |       |    11 |   163 ||   174
       Punch             |       |     4 |     3 ||     7
       Headbutt          |       |       |    28 ||    28
Evoke: Piece from Xom's  |       |     7 |       ||     7
  Use: Scroll            |       |     1 |    13 ||    14
 Stab: Petrifying        |       |     2 |     1 ||     3
       Petrified         |       |     2 |       ||     2
       Paralysed         |       |     1 |       ||     1
Armor: Leather armour    |     7 |    16 |       ||    23
       Chain mail        |       |    27 |    74 ||   101
Dodge: Dodged            |    24 |    51 |    37 ||   112

Table legend: (Time is in decaauts)
 A = Elapsed time spent in this place.
 B = Non-inter-level travel time spent in this place.
 C = Inter-level travel time spent in this place.
 D = Time resting spent in this place.
 E = Time spent auto-exploring this place.
 F = Levels seen in this place.
 G = Mean time per level.
                   A        B        C        D        E       F      G
               +--------+--------+--------+--------+--------+-----+--------+
         Total |   5361 |   5191 |    170 |    208 |   3829 |   8 |  670.1 |
       Dungeon |   5061 |   4891 |    170 |    151 |   3732 |   7 |  723.0 |
       Ossuary |    299 |    299 |      0 |     57 |     97 |   1 |  299.0 |
               +--------+--------+--------+--------+--------+-----+--------+

Top non-repeatable levels by time:
     D:2: 1279 daAuts
     D:6: 928 daAuts
     D:1: 760 daAuts
     D:4: 709 daAuts
     D:3: 645 daAuts
     D:5: 480 daAuts
 Ossuary: 299 daAuts
     D:7: 258 daAuts
